 Dungeon Crawl Stone Soup version 0.29-a0-509-g793eeb5391 (webtiles) character file.

Game seed: 6415158494083472368

57 Morbidden the Conjurer (level 4, -2/28 HPs)
             Began as an Octopode Conjurer on May 29, 2022.
             Was an Initiate of Gozag.
             Slain by Natasha (8 damage)
             ... on level 2 of the Dungeon.
             The game lasted 00:02:00 (1576 turns).

Morbidden the Conjurer (Octopode Conjurer)          Turns: 1576, Time: 00:02:01

Health: -2/28      AC:  1    Str:  6    XL:     4   Next: 0%
Magic:  0/7        EV: 13    Int: 22    God:    Gozag
Gold:   259        SH:  0    Dex: 10    Spells: 4/7 levels left

rFire   . . .      SeeInvis .   (no weapon)
rCold   . . .      Faith    .   (no shield)
rNeg    . . .      Spirit   .   (helmet restricted)
rPois   +          Reflect  .   (no amulet)
rElec   .          Harm     .   c - ring of willpower
rCorr   .          Rampage  .   k - ring of poison resistance
Will    +....                   (no ring)
Stlth   +++.......              (no ring)
HPRegen 0.09/turn               (no ring)
MPRegen 0.10/turn               (no ring)
                                (no ring)
                                (no ring)

@: gold aura
A: almost no armour, amphibious, 8 rings, camouflage 1, gelatinous body 1,
(nimble swimmer 1), tentacles
a: Renounce Religion, Potion Petition, Call Merchant, Bribe Branch


You were on level 2 of the Dungeon.
You worshipped Gozag.
Gozag was aware of your devotion.
You visited 1 branch of the dungeon, and saw 2 of its levels.

You collected 259 gold pieces.

Inventory:

Jewellery
 c - a ring of willpower (left tentacle)
 k - a ring of poison resistance (right tentacle)
Scrolls
 e - a scroll of enchant weapon {unknown}
 f - a scroll of fog {unknown}
 g - a scroll of magic mapping {unknown}
 h - a scroll of summoning {unknown}
 j - a scroll of enchant armour {unknown}
Potions
 a - a potion of magic
 b - 2 potions of heal wounds {unknown}
 d - a potion of haste {unknown}
 i - a potion of mutation {unknown}


   Skills:
 * Level 1.0 Fighting
 * Level 2.4 Dodging
 + Level 2.7 Stealth
 * Level 0.6 Unarmed Combat
 * Level 2.2 Spellcasting
 * Level 4.7 Conjurations


You had 4 spell levels left.
You knew the following spells:

 Your Spells              Type           Power      Damage    Failure   Level
a - Magic Dart            Conj           92%        1d7       1%          1
b - Searing Ray           Conj           46%        2d6       2%          2

Your spell library contained the following spells:

 Spells                   Type           Power      Damage    Failure   Level
 Dazzling Flash           Conj/Hex       24%        N/A       16%         3
 Fulminant Prism          Conj/Hex       6%         3d7       45%         4
 Iskenderun's Mystic Bla  Conj/Tloc      12%        2d5       45%         4


Dungeon Overview and Level Annotations

Branches:
Dungeon (2/15)

Altars:
Gozag

Annotations:
D:2 Natasha


Innate Abilities, Weirdness & Mutations

You cannot wear most types of armour.
You are amphibious.
You can wear up to eight rings at the same time.
Your skin changes colour to match your surroundings (Stealth+).
Your rubbery body absorbs attacks. (AC +1, EV +1)
((You are camouflaged when in or above water. (Stealth+)))
You have tentacles for arms and can constrict up to eight enemies at once.


Message History

Natasha is nearby!
Unknown command.
Natasha is nearby!
Natasha is nearby!
Unknown command.
You tentacle-slap Natasha but do no damage.
Natasha is lightly wounded.
You constrict Natasha, but do no damage.
Natasha howls an incantation.
Natasha glows brightly for a moment.
Natasha stares at you and mumbles some strange words.
The magic dart hits you!
You are too injured to fight recklessly!
You are too injured to fight recklessly!
Unknown command.
Unknown command.
Unknown command.
Casting: Magic Dart (safe; 1% risk of failure)
Confirm with . or Enter, or press ? or * to list all spells.
Aiming: Magic Dart (safe; 1% risk of failure)
Press: ? - help, Shift-Dir - straight line, f - Natasha
Aim: Natasha (lightly wounded, constricted by you, 100% to hit)
The magic dart hits Natasha.
Natasha is moderately wounded.
You constrict Natasha, but do no damage.
Natasha claws you.
* * * LOW HITPOINT WARNING * * *
Casting: Magic Dart (safe; 1% risk of failure)
Confirm with . or Enter, or press ? or * to list all spells.
You don't have enough magic to cast this spell.
Unknown command.
Unknown command.
Unknown command.
You tentacle-slap Natasha. You squeeze Natasha.
Natasha is severely wounded.
You constrict Natasha.
A kobold comes into view. It is wielding a +0 club.
Natasha claws you!
You die...
Your body crumbles into a pile of gold.

#.#.# #.
#########.#.#####.
#......##.#>......
#.####.##.#.####.#
#....#.##....#.... ###
#....#.......#.#.. #..!#
#....#####...#....
#.....#............#$...
#.h@.$...........(..
####...#########....
........ ... ########K.
..


You could see Natasha and a kobold (wandering).

Vanquished Creatures
  Natasha (D:2)
  A dart slug (D:1)
  3 ball pythons
  3 endoplasms
  A giant cockroach (D:1)
  3 goblins
  A hobgoblin (D:2)
  A jackal (D:2)
  A quokka (D:1)
  2 bats (D:1)
  3 frilled lizards
  8 kobolds
  4 rats
32 creatures vanquished.

Vanquished Creatures (others)
  4 plants (D:1)
4 creatures vanquished.

Grand Total: 36 creatures vanquished

Notes
Turn   | Place    | Note
-------+----------+-------------------------------------------
     0 | D:1      | Morbidden the Octopode Conjurer began the quest for the
                  | Orb.
     0 | D:1      | Reached XP level 1. HP: 11/11 MP: 3/3
   222 | D:1      | Found a faded altar of an unknown god.
   276 | D:1      | Reached XP level 2. HP: 17/17 MP: 0/5
   279 | D:1      | Learned a level 2 spell: Searing Ray
   294 | D:1      | Prayed at the altar of an unknown god.
   294 | D:1      | Became a worshipper of Gozag Ym Sagoz the Greedy
  1224 | D:2      | Reached XP level 3. HP: 15/22 MP: 0/6
  1485 | D:2      | Noticed Natasha
  1491 | D:2      | Killed Natasha
  1492 | D:2      | Reached skill level 1 in Fighting
  1569 | D:2      | Noticed Natasha
  1571 | D:2      | Reached XP level 4. HP: 27/28 MP: 0/7
  1576 | D:2      | Slain by Natasha

Illustrated notes

Levels and vault maps discovered:
D:1:      lightli_arrival_statuegarden, layout_loops_cross,
          shapermc_ecumenical_altar_notcrosses, minmay_tetromino_i2
D:2:      layout_basic, minmay_quadrilaterals, uniq_sigmund, uniq_natasha

Skill      XL: |  1  2  3 |
---------------+----------+-----
Fighting       | 1 |  1.0
Dodging        | |  2.4
Stealth        | |  2.7
Unarmed Combat | |  0.6
Spellcasting   | |  2.2
Conjurations   | |  4.7

Action                   |  1- 3 |  4- 6 || total
-------------------------+-------+-------++-------
Melee: Unarmed           |    13 |     4 ||    17
       Constrict         |     5 |     1 ||     6
       Tentacles         |     1 |     1 ||     2
 Cast: Magic Dart        |    58 |     1 ||    59
       Searing Ray       |     1 |       ||     1
 Stab: Sleeping          |     1 |       ||     1
Armor: Skin              |     1 |       ||     1
Dodge: Dodged            |    16 |     1 ||    17

Table legend: (Time is in decaauts)
 A = Elapsed time spent in this place.
 B = Non-inter-level travel time spent in this place.
 C = Inter-level travel time spent in this place.
 D = Time resting spent in this place.
 E = Time spent auto-exploring this place.
 F = Levels seen in this place.
 G = Mean time per level.
                   A        B        C        D        E       F      G
               +--------+--------+--------+--------+--------+-----+--------+
         Total |   1574 |   1527 |     47 |     52 |   1293 |   2 |  787.0 |
       Dungeon |   1574 |   1527 |     47 |     52 |   1293 |   2 |  787.0 |
               +--------+--------+--------+--------+--------+-----+--------+

Top non-repeatable levels by time:
     D:1: 1105 daAuts
     D:2: 469 daAuts
